 Dungeon Crawl Stone Soup version 0.22-a0-422-g9628fc8 (webtiles) character file.

26 Gorglomux the Chopper (level 2, -2/28 HPs)
             Began as a Minotaur Berserker on May 20, 2018.
             Was a Follower of Trog.
             Slain by an adder (5 damage)
             ... on level 2 of the Dungeon.
             The game lasted 00:00:17 (142 turns).

Gorglomux the Chopper (Minotaur Berserker)           Turns: 142, Time: 00:00:18

Health: -2/28      AC:  2    Str: 21    XL:     2   Next: 89%
Magic:  1/1        EV: 12    Int:  4    God:    Trog [*.....]
Gold:   0          SH:  0    Dex:  9    Spells: 1/1 levels left

rFire    . . .     SeeInvis .   a - +0 hand axe
rCold    . . .     Gourm    .   (no shield)
rNeg     . . .     Faith    .   b - +0 animal skin
rPois    .         Spirit   .   (helmet restricted)
rElec    .         Reflect  .   (no cloak)
rCorr    .         Harm     .   (no gloves)
MR       .....                  (no boots)
Stlth    +.........             (no amulet)
HPRegen  0.09/turn              (no ring)
MPRegen  0.07/turn              (no ring)

@: no status effects
A: retaliatory headbutt, horns 2
a: Berserk, Renounce Religion


You were on level 2 of the Dungeon.
You worshipped Trog.
Trog was aware of your devotion.
You were not hungry.

You visited 1 branch of the dungeon, and saw 2 of its levels.

Inventory:

Hand Weapons
 a - a +0 hand axe (weapon)
Armour
 b - a +0 animal skin (worn)
Scrolls
 d - a scroll of fear {unknown}
 g - a scroll of identify {unknown}
Potions
 e - a potion of invisibility {unknown}
Comestibles
 c - a ration
 f - 8 chunks of flesh


   Skills:
 + Level 4.3 Fighting
 + Level 4.4 Axes
 - Level 2.4 Armour
 - Level 2.1 Dodging


You had one spell level left.
You didn't know any spells.
Your spell library was empty.

Dungeon Overview and Level Annotations

Branches:
Dungeon (2/15)

Altars:


Innate Abilities, Weirdness & Mutations

You reflexively headbutt those who attack you in melee.
You have a pair of horns on your head.


Message History

The kobold shouts!!!
Butt hear an angry hiss!
You are too injured to fight recklessly!!!
A kobold is nearby!!!
You are too injured to fight recklessly!!!
An adder comes into view!
The adder hisses angrily!
A kobold comes into view! It is wielding a club!
Found a scroll labeled NALUFO ABAO!
You are too injured to fight recklessly!!!
The kobold hits you with a short sword! * * * don't die
* * * The adder bites you! * * * don't die
* * *
Found a stone staircase leading down!
You open the kobold like a pillowcase!!!
You annihilate the kobold!!!
Trog roars: BUTT!
You chop the adder but do no damage! The adder barely misses you!
You closely miss the adder! The adder bites you! rip

.#.# .#.# #.........#
.#># #.>.......# .#.#
#.........# .#.###
#..$.....?# .....#
....K....# .#)#.# ##
#.........# .#.#.#
#.###.##S)...# .#.#.#
#.#.###@....#
.#.#.#####...†.......#
.#.#.##..............#
##.#.##>#######......#
#.#.##.# #.##.#...
#.##.# #.. .#..##
#.#.##.# #..... .#
#......# #.####. #
###.##.# #.# .#


You could see an adder and a kobold.

Vanquished Creatures
  An adder (D:2)
  An ooze (D:1)
  A dart slug (D:1)
  A ball python (D:2)
  2 bats
  A giant cockroach (D:1)
  A hobgoblin (D:1)
  2 kobolds
  A frilled lizard (D:1)
11 creatures vanquished.

Notes
Turn   | Place    | Note
-------+----------+-------------------------------------------
     0 | D:1      | Gorglomux the Minotaur Berserker began the quest for the Orb.
     0 | D:1      | Reached XP level 1. HP: 19/19 MP: 0/0
    60 | D:1      | Reached XP level 2. HP: 27/27 MP: 1/1
   142 | D:2      | Slain by an adder

Vault maps used:
D:1:      roderic_octagonal_star, minivault_25
D:2:      okawaru_trees_1

Skill      XL: |  1 |
---------------+----+-----
Fighting       | 4 |  4.3
Axes           | 4 |  4.4
Armour         | |  2.4
Dodging        | |  2.1

Action                   || total
-------------------------++-------
Melee: Hand axe          ||    18
       Headbutt          ||     2
 Stab: Sleeping          ||     1
Armor: Animal skin       ||     1
Dodge: Dodged            ||    13

Table legend:
 A = Spawn XP
 B = Non-spawn XP
 C = Spawn XP percentage of total XP
 D = Spawn monster count
 E = Non-spawn monster count
 F = Spawn count percentage of total count
 G = Total turns spent on level
                    A         B        C        D         E        F      G
               +---------+---------+-------+---------+---------+-------+---------
         Total |       0 |      38 |   0.0 |       0 |      11 |   0.0 |   142
               +---------+---------+-------+---------+---------+-------+---------
           D:1 |       0 |      20 |   0.0 |       0 |       7 |   0.0 |   101
           D:2 |       0 |      18 |   0.0 |       0 |       4 |   0.0 |    41
               +---------+---------+-------+---------+---------+-------+---------
